 Dungeon Crawl Stone Soup version 0.31-a0-14-gc80a10f4b6 (webtiles) character file.

Game seed: 14718577226776352718

25 FelidPro the Gusty (level 2, 0/11 HPs)
             Began as a Felid Air Elementalist on May 8, 2023.
             Slain by a kobold
             ... wielding a +0 short sword
              (2 damage)
             ... on level 2 of the Dungeon on May 9, 2023.
             The game lasted 00:01:48 (3446 turns).

FelidPro the Gusty (Felid Air Elementalist)         Turns: 3446, Time: 00:01:49

Health: 0/11       AC:  1    Str:  4    XL:     2   Next: 86%
Magic:  6/6        EV: 17    Int: 16    God:
Gold:   64         SH:  0    Dex: 16    Spells: 4/5 levels left
                                        Lives:  0   Deaths: 0

rFire   . . .        (weapon unavailable)
rCold   . . .        (shield unavailable)
rNeg    . . .        (body armour unavailable)
rPois   .            (helmet unavailable)
rElec   .            (cloak unavailable)
rCorr   .            (gloves unavailable)
SInv    +            (boots unavailable)
Will    .....        (no amulet)
Stlth   ++           (no ring)
HPRegen 0.21/turn    (no ring)
MPRegen 0.10/turn

%: no passive effects
@: quick
A: very small, claws 1, fangs 3, see invisible, speed 1, shaggy fur 1, stealthy
paws, no weapons or thrown items, no armour, multi-lived
a: no special abilities


You were on level 2 of the Dungeon.
You visited 1 branch of the dungeon, and saw 2 of its levels.

You collected 64 gold pieces.

Inventory:

Scrolls
 b - a scroll of teleportation {unknown}
Potions
 a - 2 potions of magic


   Skills:
 + Level 0.2 Fighting
 + Level 2.7 Dodging
 + Level 2.9 Stealth
 + Level 2.3 Spellcasting
 + Level 1.0 Conjurations
 + Level 3.2 Air Magic


You had 4 spell levels left.
You knew the following spells:

 Your Spells              Type           Power      Damage    Failure   Level
a - Shock                 Conj/Air       32%        1d5       9%          1

Your spell library contained the following spells:

 Spells                   Type           Power      Damage    Failure   Level
 Static Discharge         Conj/Air       16%        2-3/arc   12%         2
 Swiftness                Air            12%        N/A       16%         3
 Beastly Appendage        Tmut           2%         N/A       21%         1
 Wereblood                Tmut           1%         N/A       30%         2
 Airstrike                Air            6%         2d(1-17)  45%         4
 Spider Form              Tmut/Pois      1%         N/A       52%         3


Dungeon Overview and Level Annotations

Branches:
Dungeon (2/15)

Altars:


Innate Abilities, Weirdness & Mutations

You have sharp claws.
You have razor-sharp teeth.
You have supernaturally acute eyesight. (SInv)
You cover ground quickly. (Speed+)
You are covered in fur. (AC +1)
Your paws help you pounce on unaware monsters.
You are incapable of wielding weapons or throwing items.
You cannot wear armour.
You gain extra lives every three experience levels.


Message History

You start waiting.
Done waiting.
You see here 5 boomerangs.
There is a staircase leading out of the dungeon here.
You see here a +0 spear.
Okay, then.
Okay, then.
Okay, then.
Okay, then.
There is a stone staircase leading down here.
You climb downwards.
Found a sapphire potion and an emerald potion.
There is a stone staircase leading up here.
Okay, then.
You start waiting.
A kobold comes into view. It is wielding a +0 short sword.
A kobold is nearby!
A kobold is nearby!
Okay, then.
The kobold shouts!
The kobold hits you with a +0 short sword.
The kobold completely misses you.
The kobold hits you with a +0 short sword.
The kobold closely misses you. The kobold barely misses you.
The kobold hits you with a +0 short sword.
The kobold barely misses you. The kobold misses you.
The kobold closely misses you. The kobold barely misses you.
The kobold closely misses you. The kobold misses you. The kobold misses you.
The kobold hits you with a +0 short sword.
* * * LOW HITPOINT WARNING * * *
The kobold barely misses you.
The kobold hits you with a +0 short sword.
* * * LOW HITPOINT WARNING * * *
The kobold hits you with a +0 short sword.
You die...

......
......
......
#......
##.....!.
#...!....
#K.......
#@.......
#.#......
.## .#.##
.# .. ##
##


You could see a kobold.

Vanquished Creatures
  3 bats (D:1)
  2 endoplasms (D:1)
  2 giant cockroaches (D:1)
  2 goblins (D:1)
  3 hobgoblins (D:1)
  4 jackals (D:1)
  3 ball pythons (D:1)
  A kobold (D:1)
  A rat (D:1)
21 creatures vanquished.

Notes
Turn   | Place    | Note
-------+----------+-------------------------------------------
     0 | D:1      | FelidPro the Felid Air Elementalist began the quest for the
                  | Orb.
     0 | D:1      | Reached XP level 1. HP: 7/7 MP: 4/4
   262 | D:1      | Reached skill level 3 in Air Magic
   408 | D:1      | Reached XP level 2. HP: 11/11 MP: 1/6
   778 | D:1      | Reached skill level 1 in Conjurations
  3446 | D:2      | Slain by a kobold

Illustrated notes

Levels and vault maps discovered:
D:1:      onia_arrival_pentagram, layout_basic
D:2:      minmay_door_path, layout_loops_ring, basic_altar

Skill      XL: |  1  2 |
---------------+-------+-----
Air Magic      | 3 |  3.2
Conjurations   | 1 |  1.0
Fighting       | |  0.2
Dodging        | |  2.7
Stealth        | |  2.9
Spellcasting   | |  2.3

Action                     || total
---------------------------++-------
  Melee: Unarmed           ||    25
         Bite              ||     5
   Cast: Shock             ||    44
 Armour: Skin              ||     1
  Dodge: Dodged            ||    45

Table legend: (Time is in decaauts)
 A = Elapsed time spent in this place.
 B = Non-inter-level travel time spent in this place.
 C = Inter-level travel time spent in this place.
 D = Time resting spent in this place.
 E = Time spent auto-exploring this place.
 F = Levels seen in this place.
 G = Mean time per level.
                   A        B        C        D        E       F      G
               +--------+--------+--------+--------+--------+-----+--------+
         Total |   3339 |   3265 |     74 |   2437 |    699 |   2 | 1669.5 |
       Dungeon |   3339 |   3265 |     74 |   2437 |    699 |   2 | 1669.5 |
               +--------+--------+--------+--------+--------+-----+--------+

Top non-repeatable levels by time:
     D:1: 3255 daAuts
     D:2: 83 daAuts
